 Dungeon Crawl Stone Soup version 0.30-a0-629-gd54f4be4f7 (webtiles) character file.

Game seed: 17815761554639062642

1722 Newt the Trooper (level 8, -7/57 HPs)
             Began as a Demonspawn Gladiator on Jan 12, 2023.
             Was a Follower of Hepliaklqana.
             Mangled by Sigmund
             ... wielding a +5 scythe of venom
              (23 damage)
             ... on level 6 of the Dungeon.
             The game lasted 00:05:57 (4534 turns).

Newt the Trooper (Demonspawn Gladiator)             Turns: 4534, Time: 00:05:57

Health: -7/57      AC:  8    Str: 16    XL:     8   Next: 75%
Magic:  8/8        EV:  8    Int: 11    God:    Hepliaklqana [*.....]
Gold:   299        SH: 10    Dex: 14    Spells: 7/7 levels left

rFire   + . .      SeeInvis .    F - +1 war axe (freeze)
rCold   . . .      Faith    .    D - +0 tower shield
rNeg    . . .      Spirit   .    b - +0 leather armour
rPois   .          Reflect  .    (helmet restricted)
rElec   .          Harm     .    p - +0 cloak
rCorr   .          Rampage  .    y - +0 pair of gloves
Will    .....                    (no boots)
Stlth   ++                       (no amulet)
HPRegen 0.29/turn                i - +4 ring of slaying
MPRegen 0.22/turn                t - ring of protection from fire

@: lethally poisoned (-7 -> -14), hasted, very quick
A: reduced essence, antennae 1, slimy green scales 1, demonic guardian 1, magic
regeneration
a: Renounce Religion, Recall Ancestor, Ancestor Identity


You were on level 6 of the Dungeon.
You worshipped Hepliaklqana.
Hepliaklqana was aware of your devotion.
You visited 1 branch of the dungeon, and saw 6 of its levels.
You also visited: Sewer.

You collected 351 gold pieces.
You spent 52 gold pieces at shops.

Inventory:

Hand Weapons
 a - a +1 rapier of venom
 q - a +1 dagger of speed
 B - a +1 flail of protection
 F - a +1 war axe of freezing (weapon)
Missiles
 d - a throwing net (quivered)
 e - a javelin
 v - 9 poisoned darts
Armour
 b - a +0 leather armour (worn)
 c - a +0 helmet
 p - a +0 cloak (worn)
 y - a +0 pair of gloves (worn)
 D - a +0 tower shield (worn)
Jewellery
 i - a +4 ring of slaying (left hand)
 t - a ring of protection from fire (right hand)
Wands
 s - a wand of roots (7)
 x - a wand of flame (7)
 E - a wand of polymorph (7)
Scrolls
 g - 3 scrolls of torment
 u - 3 scrolls of teleportation
 C - 2 scrolls of identify
Potions
 f - a potion of cancellation
 h - a potion of haste
 j - a potion of heal wounds
 k - a potion of ambrosia
 l - 3 potions of brilliance
 m - a potion of mutation
 n - 2 potions of attraction
 o - a potion of curing {unknown}
 r - a potion of flight {unknown}
 w - a potion of resistance {unknown}
 z - 2 potions of might
 A - a potion of lignification {unknown}


   Skills:
 + Level 5.8 Fighting
 - Level 4.0 Short Blades
 - Level 5.0 Maces & Flails
 - Level 1.7 Throwing
 - Level 5.0 Armour
 - Level 4.0 Dodging
 - Level 3.0 Stealth


You had 7 spell levels left.
You didn't know any spells.
Your spell library contained the following spells:

 Spells                   Type           Power      Damage    Failure   Level
 Magic Dart               Conj           0%         1d3       100%        1
 Call Imp                 Summ           0%         N/A       100%        2
 Gell's Gravitas          Tloc           0%         N/A       100%        3
 Inner Flame              Hex/Fire       0%         N/A       100%        3
 Lesser Beckoning         Tloc           0%         N/A       100%        3
 Mephitic Cloud           Conj/Pois/Air  0%         N/A       100%        3
 Teleport Other           Tloc           0%         N/A       100%        3
 Flame Wave               Conj/Fire      0%         2d4       100%        4
 Sticky Flame             Conj/Fire      0%         2d3       100%        4


Dungeon Overview and Level Annotations

Branches:
Dungeon (6/15)             Temple (0/1) D:4           Sewer (visited)

Altars:
Gozag
Hepliaklqana
Ru

Shops:
D:2 ?   D:6 (

Annotations:
D:6 Sigmund


Innate Abilities, Weirdness & Mutations

Your life essence is reduced to manifest your ancestor. (-10% HP)
You have a pair of small antennae on your head.
You are partially covered in slimy green scales. (AC +2)
A weak demonic guardian rushes to your aid.
You regenerate magic rapidly.


Message History

You are too confused!
You are too confused!
You are too confused!
You are too confused!
You are too confused!
You are too confused!
You are too confused!
You are too confused!
You are too confused!
You are too confused!
You are too confused!
You are too confused!
You are too confused!
Unknown command.
An orc comes into view. It is wielding a +0 hand axe.
The orc shouts!
You hear a shout!
The sky beast flickers out of sight!
Deactivating autopickup; reactivate with Ctrl-A.
Something hits you but does no damage.
You completely miss something. Something hits you but does no damage.
Sigmund drinks a potion.
Sigmund seems to grow stronger.
Something hits you but does no damage. Something hits you but does no damage.
Sigmund hits you from afar with a +5 scythe of venom!
A demonic guardian appears!
You are poisoned.
Something hits you but does no damage.
You feel very sick. The orc closely misses your shadow imp.
Your shadow imp hits Sigmund.
You feel very sick.
Sigmund screams, "Only death can liberate you!"
Something hits you. Something shocks you.
Your shadow imp hits Sigmund.
A scorpion comes into view.
You feel less confused.
You feel very sick.
Your shadow imp hits the orc.
You feel very sick.
You feel yourself speed up.
You feel sick.
Sigmund hits you from afar with a +5 scythe of venom!!
You die...

# #. #.#
#.#########
##......... ##
###.......# ...
#...s..@..## ....
.$.....{...##.....
.....#.@..........
.... ###.o........
#.. ##5......## ##
#......## ##.....#
..!...# .......#


You could see Sigmund (strong, ally target), a scorpion, an orc and a friendly
shadow imp (summoned).

Vanquished Creatures
  Grinder (D:4)
  Eustachio (D:5)
  Menkaure (D:4)
  A water moccasin (D:5)
  Edmund (D:4)
  Pargi (Sewer)
  An orc warrior (D:6)
  A phantom (D:6)
  A kobold brigand (D:6)
  Blork the orc (D:4)
  A howler monkey (D:5)
  A hound (D:4)
  Crazy Yiuf (D:3)
  Jessica (D:2)
  2 iguanas (D:4)
  2 orc wizards
  A gnoll (D:1)
  5 adders
  2 ufetubi (D:5)
  A worm (D:3)
  2 dart slugs (D:2)
  4 orcs (D:5)
  5 endoplasms
  5 giant cockroaches
  6 goblins
  8 hobgoblins
  5 jackals (D:1)
  2 quokkas
  6 ball pythons
  12 bats
  4 frilled lizards
  11 kobolds
  2 rats
99 creatures vanquished.

Vanquished Creatures (collateral kills)
  A sky beast (D:6)
  A black bear (D:5)
  A scorpion (D:5)
  An orc priest (D:6)
  A hobgoblin (D:4)
  4 kobolds (D:6)
9 creatures vanquished.

Grand Total: 108 creatures vanquished

Notes
Turn   | Place    | Note
-------+----------+-------------------------------------------
     0 | D:1      | Newt the Demonspawn Gladiator began the quest for the Orb.
     0 | D:1      | Reached XP level 1. HP: 16/16 MP: 1/1
   139 | D:1      | Reached skill level 1 in Stealth
   302 | D:1      | Gained mutation: A weak demonic guardian rushes to your
                  | aid. [demonic ancestry]
   302 | D:1      | Reached XP level 2. HP: 22/22 MP: 2/2
   496 | D:1      | Gained mutation: You regenerate magic rapidly. [demonic
                  | ancestry]
   496 | D:1      | Reached XP level 3. HP: 27/27 MP: 3/3
  1226 | D:2      | Noticed Jessica
  1232 | D:2      | Killed Jessica
  1233 | D:2      | Reached XP level 4. HP: 35/35 MP: 4/4
  1470 | D:2      | Found Poogywul's Magic Scroll Emporium.
  1479 | D:2      | Bought a scroll of identify for 26 gold pieces
  1479 | D:2      | Bought a scroll of identify for 26 gold pieces
  1664 | D:3      | Found a runed translucent door.
  1665 | D:3      | Noticed Crazy Yiuf
  1672 | D:3      | Killed Crazy Yiuf
  1683 | D:3      | Identified the +10 hammer "Pusistrun" {holy, +Blink rN+
                  | SInv}
  1706 | D:3      | Found a sacrificial altar of Ru.
  1720 | D:3      | Reached XP level 5. HP: 33/42 MP: 5/5
  2044 | D:3      | Found a hazy altar of Hepliaklqana.
  2067 | D:3      | Became a worshipper of Hepliaklqana the Forgotten
  2330 | D:4      | Found a staircase to the Ecumenical Temple.
  2355 | D:4      | Noticed Blork the orc
  2367 | D:4      | Killed Blork the orc
  2372 | D:4      | Gained mutation: You have a pair of small antennae on your
                  | head. [demonic ancestry]
  2372 | D:4      | Reached XP level 6. HP: 33/48 MP: 6/6
  2416 | D:4      | Noticed Grinder
  2434 | D:4      | Paralysed by Grinder for 2 turns
  2438 | D:4      | Killed Grinder
  2546 | D:4      | Found a glowing drain.
  2565 | Sewer    | Entered a sewer
  2637 | Sewer    | Noticed Pargi
  2647 | Sewer    | Killed Pargi
  2648 | Sewer    | Gained mutation: You are partially covered in slimy green
                  | scales. (AC +2) [demonic ancestry]
  2648 | Sewer    | Reached XP level 7. HP: 49/54 MP: 7/7
  2812 | D:4      | Found an opulent altar of Gozag.
  2828 | D:4      | Reached * piety under Hepliaklqana
  2828 | D:4      | Noticed Edmund
  2846 | D:4      | Killed Edmund
  3162 | D:4      | Noticed Menkaure
  3173 | D:4      | Killed Menkaure
  3541 | D:5      | Entered Level 5 of the Dungeon
  3575 | D:5      | Reached skill level 5 in Armour
  3575 | D:5      | Reached skill level 1 in Maces & Flails
  3658 | D:5      | Reached XP level 8. HP: 44/54 MP: 8/8
  3801 | D:5      | Noticed Eustachio
  3905 | D:5      | Killed Eustachio
  4192 | D:6      | Found Dumumami's Weapon Shoppe.
  4225 | D:6      | Reached skill level 5 in Maces & Flails
  4238 | D:6      | Reached skill level 5 in Fighting
  4526 | D:6      | Noticed Sigmund
  4534 | D:6      | Mangled by Sigmund

Illustrated notes

Levels and vault maps discovered:
D:1:      dpeg_arrival_rhombi, layout_loops_corners
D:2:      layout_loops_ring, serial_shops, shop, uniq_jessica
D:3:      layout_basic, overflow_temple_1_default,
          nicolae_ru_great_annihilating_truth, minivault_25,
          uniq_crazy_yiuf_cottage
D:4:      layout_basic, kennysheep_mini_moat, minmay_temple_entry_antechambers,
          portal_sewer_entry_d, uniq_menkaure, uniq_grinder, uniq_blork_the_orc,
          uniq_edmund
D:5:      layout_rooms, chequers_serial_rivers_large_a, uniq_eustachio
D:6:      layout_layer_cave, serial_shops, nicolae_shop_hallway_plus,
          glass_columns_c, minivault_23, grunt_ministairs_9, uniq_sigmund,
          uniq_prince_ribbit1

Skill      XL: |  1  2  3  4  5  6  7  8 |
---------------+-------------------------+-----
Stealth        | 1 2 3 |  3.0
Fighting       | 3 4 5 |  5.8
Short Blades   | 4 |  4.0
Dodging        | 3 4 |  4.0
Armour         | 3 5 |  5.0
Maces & Flails | 2 5 |  5.0
Throwing       | |  1.7

Action                   |  1- 3 |  4- 6 |  7- 9 || total
-------------------------+-------+-------+-------++-------
Melee: Rapier            |    89 |   102 |    20 ||   211
       Punch             |     1 |     1 |       ||     2
       Flail             |       |       |   154 ||   154
       War axe           |       |       |     1 ||     1
Throw: Throwing net      |       |     2 |     1 ||     3
  Use: Scroll            |     5 |     8 |     3 ||    16
       Potion            |       |       |     1 ||     1
 Stab: Sleeping          |     4 |     5 |     1 ||    10
       Paralysed         |       |     1 |       ||     1
       Held in net/web   |       |     1 |       ||     1
       Distracted        |       |       |     3 ||     3
Armor: Leather armour    |    28 |    31 |   159 ||   218
Dodge: Dodged            |    61 |    58 |   103 ||   222
Block: Tower shield      |       |       |   130 ||   130

Table legend: (Time is in decaauts)
 A = Elapsed time spent in this place.
 B = Non-inter-level travel time spent in this place.
 C = Inter-level travel time spent in this place.
 D = Time resting spent in this place.
 E = Time spent auto-exploring this place.
 F = Levels seen in this place.
 G = Mean time per level.
                   A        B        C        D        E       F      G
               +--------+--------+--------+--------+--------+-----+--------+
         Total |   4654 |   4468 |    186 |    531 |   2856 |   7 |  664.9 |
       Dungeon |   4534 |   4348 |    186 |    531 |   2791 |   6 |  755.7 |
         Sewer |    119 |    119 |      0 |      0 |     65 |   1 |  119.0 |
               +--------+--------+--------+--------+--------+-----+--------+

Top non-repeatable levels by time:
     D:4: 1158 daAuts
     D:1: 938 daAuts
     D:5: 733 daAuts
     D:2: 679 daAuts
     D:3: 663 daAuts
     D:6: 361 daAuts
   Sewer: 119 daAuts
